 Dungeon Crawl Stone Soup version 0.20.1-1-g8b1a95d (console) character file.

4239 Kloppie the Nimble (level 10, -2/76 HPs)
             Began as a Merfolk Gladiator on July 27, 2017.
             Was a Believer of Hepliaklqana.
             Incinerated by tesudzi's ghost (3 damage)
             ... with a sticky flame
             ... on level 9 of the Dungeon.
             The game lasted 00:11:43 (8334 turns).

Kloppie the Nimble (Merfolk Gladiator)              Turns: 8334, Time: 00:11:44

Health: -2/76      AC:  9    Str: 21    XL:     10   Next: 30%
Magic:  10/10      EV: 20    Int: 12    God:    Hepliaklqana [**....]
Gold:   438        SH:  4    Dex: 18    Spells: 9/9 levels left

rFire    . . .     SeeInvis .   a - +0 long sword
rCold    . . .     Gourm    .   (no shield)
rNeg     . . .     Faith    .   b - +0 leather armour
rPois    .         Spirit   .   c - +2 helmet
rElec    +         Reflect  .   s - +1 cloak
rCorr    +         Harm     .   (no gloves)
MR       .....     Rnd*Rage +   B - +0 pair of boots "Duniqe" {rElec rCorr Int+4}
Stlth    +.........             (no amulet)
Regen    0.3/turn               p - ring of resist corrosion
MPRegen  0.2/turn               v - +6 ring of strength

@: liquid flames, glowing
A: change form in water, swift swim, stealthy swim, reduced essence, large bone
plates 1, berserk 1, screaming 1
a: Recall Ancestor, Ancestor Identity, Renounce Religion


You were on level 9 of the Dungeon.
You worshipped Hepliaklqana.
Hepliaklqana was pleased with you.
You were hungry.

You visited 2 branches of the dungeon, and saw 10 of its levels.

You collected 438 gold pieces.

Inventory:

Hand Weapons
 a - a +0 long sword (weapon)
Armour
 b - a +0 leather armour (worn)
 c - a +2 helmet (worn)
 o - a +0 buckler
 s - a +1 cloak (worn)
 B - the +0 pair of boots "Duniqe" (worn) {rElec rCorr Int+4}
   (You found it on level 6 of the Dungeon)

   It affects your intelligence (+4).
   It insulates you from electricity.
   It protects you from acid and corrosion.
Jewellery
 i - an uncursed ring of protection from cold
 p - a ring of resist corrosion (left hand)
 v - a +6 ring of strength (right hand)
 w - an uncursed ring of see invisible
Wands
 d - a wand of digging (21/24)
 r - a wand of flame (27/48)
 C - a wand of polymorph (19/24)
 G - a wand of lightning (9/15)
Scrolls
 e - 5 scrolls of teleportation
 h - 3 scrolls of remove curse
 j - a scroll of amnesia
 m - a scroll of enchant armour
 t - 2 scrolls of fog
 y - a scroll of fear
 F - a scroll of blinking
Potions
 l - a potion of ambrosia
 q - a potion of heal wounds {unknown}
 u - a potion of cancellation
 x - a potion of magic {unknown}
 z - 2 potions of mutation
 A - a potion of might {unknown}
Comestibles
 f - 2 bread rations
 g - 7 meat rations
 k - 10 fruits
 n - a royal jelly
 D - 7 chunks of flesh


   Skills:
 + Level 9.9 Fighting
 + Level 10.1 Long Blades
 - Level 2.0 Throwing
 + Level 10.8 Dodging


You had 9 spell levels left.
You didn't know any spells.

Dungeon Overview and Level Annotations

Branches:
Dungeon (9/15)             Temple (1/1) D:5
   Lair: D:8-11         Orc: D:9-12

Altars:
Ashenzari
Cheibriados
Dithmenos
Elyvilon
Fedhas
Gozag
Hepliaklqana
Kikubaaqudgha
Makhleb
Nemelex Xobeh
Okawaru
Qazlal
Ru
Sif Muna
Trog
Uskayaw
Vehumet
Xom
Yredelemnul
Zin
The Shining One

Annotations:
D:9 tesudzi's ghost, journeyman DrCj


Innate Abilities, Weirdness & Mutations

You revert to your normal form in water.
You are very nimble and swift while swimming.
You are very stealthy in the water. (Stealth+)
Your life essence is reduced to manifest your ancestor. (-10% HP)
You are partially covered in large bone plates. (SH +4)
You tend to lose your temper in combat.
You occasionally shout uncontrollably at your foes.


Message History

* * * LOW HITPOINT WARNING * * *
You closely miss tesudzi's ghost.
Tesudzi's ghost is heavily damaged.
You are covered in liquid flames!
* * * LOW HITPOINT WARNING * * *
Tawil closely misses tesudzi's ghost.
You hit tesudzi's ghost but do no damage.
Tesudzi's ghost is heavily damaged.
You are covered in liquid flames!
* * * LOW HITPOINT WARNING * * *
Tesudzi's ghost casts a spell at you. The spray of energy hits you!
* * * LOW HITPOINT WARNING * * *
The spray of energy hits Tawil.
Tawil is destroyed!
It was a potion of mutation.
You feel extremely strange.
You feel a little pissed off.
You feel the urge to shout.
Large bone plates grow over parts of your arms.
You are covered in liquid flames!
You die...

.......^.#
#..........#
.........#
#..........#
##########
######'#####
###...# #...###
###'########
#..........#
####....).<...#
...'...@).....#
####...)W.....#
#..........#
#...>..$...#
#..........#
#..........#
#..........#
############


You could see tesudzi's ghost.

Vanquished Creatures
  A troll (D:9)
  A hippogriff (D:7)
  Sigmund (D:5)
  A wyvern (D:8)
  4 yaks (D:8)
  A water moccasin (D:8)
  2 sky beasts (D:8)
  2 orc warriors
  A phantom (D:9)
  An ice beast (D:8)
  6 ogres
  2 centaurs (D:6)
  2 crocodiles
  2 bullfrogs
  A scorpion (D:6)
  3 wights (D:9)
  A quasit (D:8)
  5 orc priests
  2 jellies
  3 hounds
  An orc wizard (D:4)
  A bullfrog skeleton (D:6)
  An iguana (D:6)
  3 worker ants
  A hound zombie (D:7)
  A worker ant zombie (D:7)
  3 gnolls (D:4)
  7 adders
  2 shadow imps (D:5)
  2 adder skeletons
  2 worms (D:3)
  5 dart slugs
  3 leopard geckos
  21 orcs
  10 bats
  5 giant cockroaches
  5 goblins
  11 hobgoblins
  6 jackals (D:1)
  6 quokkas
  A frilled lizard (D:3)
  8 kobolds
  6 rats
153 creatures vanquished.

Vanquished Creatures (collateral kills)
  A phantom (D:8)
  An ogre (D:8)
  A centaur (D:6)
  A hound (D:8)
  3 orc wizards (D:9)
  3 worker ants
  An adder zombie (D:7)
  An orc (D:6)
12 creatures vanquished.

Vanquished Creatures (others)
  A wight (D:9)
  A knight (D:9)
  An ancestor (D:8)
3 creatures vanquished.

Grand Total: 168 creatures vanquished

Notes
Turn   | Place    | Note
-------+----------+-------------------------------------------
     0 | D:1      | Kloppie the Merfolk Gladiator began the quest for the Orb.
     0 | D:1      | Reached XP level 1. HP: 16/16 MP: 1/1
    70 | D:1      | Reached XP level 2. HP: 3/23 MP: 2/2
   611 | D:1      | Reached XP level 3. HP: 17/28 MP: 3/3
  1322 | D:2      | Found a snail-covered altar of Cheibriados.
  1385 | D:2      | Reached XP level 4. HP: 22/35 MP: 4/4
  1865 | D:2      | You fall through a shaft for 2 floors!
  2633 | D:2      | Reached XP level 5. HP: 34/42 MP: 5/5
  3018 | D:3      | Reached skill level 5 in Long Blades
  3304 | D:4      | Noticed an ogre
  3321 | D:4      | Killed an ogre
  3499 | D:4      | Reached XP level 6. HP: 50/50 MP: 6/6
  3819 | D:5      | Entered Level 5 of the Dungeon
  3851 | D:5      | Reached skill level 5 in Fighting
  4024 | D:5      | Noticed Sigmund
  4075 | D:5      | Killed Sigmund
  4075 | D:5      | Reached skill level 5 in Dodging
  4075 | D:5      | Reached XP level 7. HP: 36/56 MP: 7/7
  4305 | D:4      | HP: 2/56 [orc priest/flail (5)]
  4968 | D:5      | Reached XP level 8. HP: 34/65 MP: 8/8
  5140 | D:5      | Found a staircase to the Ecumenical Temple.
  5151 | Temple   | Entered the Ecumenical Temple
  5260 | Temple   | Became a worshipper of Hepliaklqana the Forgotten
  6114 | D:6      | Got a pair of warped boots
  6125 | D:6      | Identified the +0 pair of boots "Duniqe" {rElec rCorr Int+4} (You found it on level 6 of the Dungeon)
  6146 | D:6      | Found a shimmering altar of Xom.
  6289 | D:6      | Found a shattered altar of Ashenzari.
  6405 | D:6      | Found a blossoming altar of Fedhas.
  6514 | D:6      | Found a white marble altar of Elyvilon.
  6716 | D:7      | Noticed a hippogriff
  6725 | D:7      | Killed a hippogriff
  6743 | D:7      | Reached * piety under Hepliaklqana
  6757 | D:7      | Found a deep blue altar of Sif Muna.
  6790 | D:7      | Reached XP level 9. HP: 54/66 MP: 9/9
  7900 | D:8      | Reached skill level 10 in Dodging
  8017 | D:8      | Reached XP level 10. HP: 57/74 MP: 10/10
  8201 | D:8      | Reached ** piety under Hepliaklqana
  8202 | D:8      | Remembered your ancestor Tawil as a knight
  8244 | D:9      | Reached skill level 10 in Long Blades
  8312 | D:9      | Noticed tesudzi's ghost (journeyman DrCj)
  8333 | D:9      | HP: 1/76 [tesudzi's ghost/spray of energy (14)]
  8334 | D:9      | Gained mutation: You tend to lose your temper in combat. [potion of mutation]
  8334 | D:9      | Gained mutation: You occasionally shout uncontrollably at your foes. [potion of mutation]
  8334 | D:9      | Gained mutation: You are partially covered in large bone plates. (SH +4) [potion of mutation]
  8334 | D:9      | Incinerated by tesudzi's ghost

Skill      XL: |  1  2  3  4  5  6  7  8  9 10 |
---------------+-------------------------------+-----
Long Blades    | 4 5 6 8 9 10 | 10.1
Fighting       | 3 4 5 6 7 9 |  9.9
Dodging        | 5 6 8 10 | 10.8
Throwing       | |  2.0

Action                   |  1- 3 |  4- 6 |  7- 9 | 10-12 || total
-------------------------+-------+-------+-------+-------++-------
Melee: Long sword        |   118 |   135 |   308 |    60 ||   621
Throw: Throwing net      |     1 |     3 |       |       ||     4
Invok: Ancestor Life: Kn |       |       |       |     1 ||     1
  Use: Scroll            |       |    10 |     7 |     1 ||    18
       Potion            |       |       |     5 |     1 ||     6
 Stab: Held in net/web   |     1 |     1 |       |       ||     2
       Sleeping          |       |     2 |     2 |       ||     4
       Distracted        |       |       |     2 |       ||     2
  Eat: Chunk             |     2 |     7 |    12 |     1 ||    22
       Royal jelly       |       |       |     1 |       ||     1
Armor: Leather armour    |    37 |    40 |    72 |    15 ||   164
Dodge: Dodged            |    93 |    99 |   274 |    35 ||   501
       Rpst.: Long sword |    27 |    37 |    78 |     6 ||   148
